 Dungeon Crawl Stone Soup version 0.20.1-1-g8b1a95d (webtiles) character file.

180626 Haldmier the Gelid (level 18, -5/136 HPs)
             Began as a Merfolk Ice Elementalist on Nov 29, 2017.
             Was the Champion of Vehumet.
             Killed from afar by a shock serpent (22 damage)
             ... with a bolt of electricity
             ... on level 4 of the Snake Pit on Nov 30, 2017.
             The game lasted 04:46:30 (42578 turns).

Haldmier the Gelid (Merfolk Ice Elementalist)      Turns: 42578, Time: 04:46:31

Health: -5/136     AC: 19    Str: 10    XL:     18   Next: 27%
Magic:  0/47       EV: 21    Int: 20    God:    Vehumet [******]
Gold:   1739       SH:  5    Dex: 18    Spells: 6/39 levels left

rFire    . . .     SeeInvis .   a - +1 trident (pierce)
rCold    . . .     Gourm    .   W - +0 buckler {rPois}
rNeg     . . .     Faith    .   l - +4 moon troll leather armour {Spirit, Regen++ MP+5}
rPois    +         Spirit   +   D - +2 hat
rElec    .         Reflect  .   n - +2 cloak
rCorr    .         Harm     .   t - +2 pair of gloves {Dex+3}
MR       +....                  V - +2 pair of boots
Stlth    ++........             e - amulet of guardian spirit
Regen    1.2/turn               I - ring of magical power
MPRegen  0.3/turn               x - ring of wizardry

@: very slightly contaminated, slowed, very slow
A: change form in water, swift swim, stealthy swim
a: Renounce Religion


You were on level 4 of the Snake Pit.
You worshipped Vehumet.
Vehumet was exalted by your worship.
You were near starving.

You visited 5 branches of the dungeon, and saw 28 of its levels.
You also visited: Labyrinth.

You collected 2674 gold pieces.
You spent 935 gold pieces at shops.

Inventory:

Hand Weapons
 a - a +1 trident of piercing (weapon)
 g - a +1 spear of venom
 M - a +1 bardiche of protection
Missiles
 h - 4 poisoned javelins (quivered)
 m - 7 throwing nets
 O - 4 javelins of returning
Armour
 l - the +4 moon troll leather armour (worn) {Spirit, Regen++ MP+5}
   (You found it on level 14 of the Dungeon)

   It affects your magic capacity (+5).
   It increases your rate of regeneration.
 n - a +2 cloak (worn)
 t - a +2 pair of gloves of dexterity (worn)
 D - a +2 hat (worn)
 V - a +2 pair of boots (worn)
 W - a +0 buckler of poison resistance (worn)
Magical Staves
 b - an uncursed staff of energy
Jewellery
 e - an amulet of guardian spirit (around neck)
 x - a ring of wizardry (right hand)
 B - an uncursed ring of ice
 C - an uncursed ring of protection from cold
 I - a ring of magical power (left hand)
 R - the ring of Teagalur {Fire Str-5 Int+6}
   (You found it on level 14 of the Dungeon)

   [ring of fire]

   It enhances your fire magic.
   It affects your strength (-5).
   It affects your intelligence (+6).
   It protects you from fire.
   It makes you vulnerable to cold.
Wands
 u - a wand of iceblast (6/15)
 y - a wand of digging (10/24)
 E - a wand of paralysis (10/24)
 J - a wand of acid (10/15)
 Y - a wand of digging (7/24)
Scrolls
 d - 3 scrolls of magic mapping
 f - 5 scrolls of teleportation
 j - 8 scrolls of identify
 k - 2 scrolls of torment {unknown}
 q - a scroll of blinking {unknown}
 G - 3 scrolls of fear
 H - 3 scrolls of remove curse
 N - a scroll of enchant weapon
Potions
 i - 5 potions of lignification
 o - 2 potions of invisibility
 p - 5 potions of might
 r - 3 potions of flight
 s - 5 potions of berserk rage
 v - 9 potions of curing
 w - 7 potions of agility
 z - 2 potions of haste
 A - a potion of mutation
 F - 3 potions of heal wounds
 Q - 3 potions of brilliance
 S - a potion of resistance
Books
 P - a book of the Dragon

   Spells                             Type                      Level
   a - Flame Tongue                   Conjuration/Fire             1
   b - Cause Fear                     Hexes                        4
   c - Bolt of Fire                   Conjuration/Fire             6
   d - Dragon Form                    Transmutation                7
   e - Dragon's Call                  Summoning                    9
Comestibles
 c - 14 bread rations
 L - 7 meat rations


   Skills:
 - Level 10.5 Fighting
 - Level 14.0 Polearms
 - Level 12.5 Dodging
 - Level 2.1 Stealth
 - Level 4.0 Shields
 - Level 11.0 Spellcasting
 + Level 12.1 Conjurations
 - Level 4.0 Charms
 + Level 7.7 Summonings
 + Level 16.1 Ice Magic
 - Level 5.0 Air Magic
 - Level 5.0 Earth Magic


You had 6 spell levels left.
You knew the following spells:

 Your Spells              Type           Power        Failure   Level  Hunger
a - Freeze                Ice            ####         0%          1    None
b - Throw Frost           Conj/Ice       ######       1%          2    None
c - Ozocubu's Armour      Chrm/Ice       ######..     1%          3    None
d - Summon Ice Beast      Ice/Summ       ######..     1%          4    ##.....
e - Throw Icicle          Conj/Ice       ######..     1%          4    ##.....
f - Spellforged Servitor  Conj/Summ      ######....   13%         7    #######
g - Iron Shot             Conj/Erth      #####.....   4%          6    ######.
h - Freezing Cloud        Conj/Ice/Air   ######....   1%          6    ######.


Dungeon Overview and Level Annotations

Branches:
Dungeon (15/15)            Temple (0/1) D:4            Lair (6/6) D:11
 Shoals (1/4) Lair:2        Snake (4/4) Lair:3        Slime (0/5) Lair:6
    Orc (2/2) D:12            Elf (0/3) Orc:2        Vaults (0/5) D:14
 Depths (0/5) D:15

Altars:
Cheibriados
Fedhas
Kikubaaqudgha
Nemelex Xobeh
Okawaru
Ru
Sif Muna
Trog
Vehumet
Yredelemnul
The Shining One

Shops:
D:6 ?   D:11 [   Orc:2 [![[?   Snake:1 %*%   Snake:4 ?!**

Annotations:
D:10 p0werm0de's ghost, novice DDFi
D:15 exclusion: Roxanne, Roxanne
Shoals:1 Aizul


Message History

You fade into invisibility!
You are very lightly contaminated with residual magic.
The shock serpent shoots out a bolt of lightning at something!
You feel sick.
The shock serpent shoots out a bolt of lightning at something!
You block the shock serpent's attack.
You feel sick.
The shock serpent hisses angrily.
You feel sick.
You are no longer poisoned.
You flicker for a moment.
A naga mage comes into view. It is wielding a spear.
Found 8 arrows.
You flicker back into view.
The shock serpent hisses angrily.
The shock serpent shoots out a bolt of lightning at you!
The bolt of electricity hits you!
* * * LOW HITPOINT WARNING * * *
The bolt of electricity hits you!
You die...

............. #.... ............
#.... ............ . ##...#
........... .... ..###....# #....
....# ...............# #... ....#
................# #..# #.....
........# #....######..##......
........' #...@................
.......####................####
#..........S.N............#...
.###..........##'#####.^.....#..'
.#...........##..# #.......#'##
...........N.# ... #...........
..........N..##...( #...##....##
........N##...#.... #...###.###.
......######..####.###..##♣.).♣##


You could see a naga warrior, a shock serpent, a naga mage and a naga.

Vanquished Creatures
  6 nagarajas
  Snorg (Lair:4)
  A deep elf high priest (D:14)
  Erolcha (D:12)
  8 naga warriors
  5 hydras
  A vault guard (D:14)
  3 catoblepae (Lair:6)
  A death knight (D:14)
  2 centaur warriors (D:14)
  7 death yaks
  4 tengu warriors
  5 anacondas
  4 two-headed ogres
  A vampire mage (D:15)
  2 orc high priests (Orc:2)
  5 shock serpents
  Urug (Orc:1)
  10 naga sharpshooters
  2 salamander mystics
  A sea snake (Shoals:1)
  A spark wasp zombie (D:15)
  2 unseen horrors
  A flayed ghost (D:14)
  2 skeletal warriors (D:15)
  A necromancer (D:15)
  6 naga ritualists
  A wolf spider zombie (D:13)
  2 orc sorcerers
  An orc knight (Orc:1)
  9 ugly things
  8 mana vipers
  6 manticores
  2 cyclopes (D:14)
  7 salamanders
  Maurice (Orc:1)
  A stone giant skeleton (D:15)
  31 black mambas
  3 centaur zombies
  17 naga magi
  3 guardian serpents (Snake:1)
  An elf zombie (D:15)
  7 elephants
  14 spiny frogs
  2 gargoyles
  3 rime drakes (Lair:6)
  3 efreet (D:14)
  2 tengu conjurers (D:14)
  6 komodo dragons
  A freezing wraith (D:14)
  3 meliai (D:15)
  A troll (Orc:1)
  A minotaur skeleton (Lab)
  2 hornets
  13 blink frogs
  2 slime creatures
  9 hippogriffs
  A deep troll zombie (D:15)
  Sigmund (D:3)
  A water elemental (D:12)
  A spriggan (D:11)
  2 wraiths
  2 shadows (D:14)
  44 yaks
  5 wyverns
  A steam dragon (Lair:3)
  2 hungry ghosts
  4 vampire mosquitoes (D:14)
  2 wargs
  46 nagas
  An acid dragon (D:15)
  11 water moccasins
  Duvessa (D:5)
  5 porcupines
  17 orc warriors
  A meliai simulacrum (D:14)
  4 sky beasts
  An ice beast (D:13)
  A hornet zombie (D:15)
  4 slaves (D:6)
  2 black bears
  8 ogres
  An eye of draining (shapeshifter) (D:14)
  13 centaurs
  11 wolves
  9 crocodiles
  2 big kobolds
  16 bullfrogs
  A water moccasin zombie (D:7)
  Dowan (D:5)
  5 scorpions
  A hornet simulacrum (D:14)
  5 wights
  3 killer bees (D:7)
  The ghost of WiZmei the Skirmisher, a weakling DsBe of Trog (D:3)
  3 howler monkeys
  A spriggan skeleton (Lab)
  3 crimson imps
  2 jellies
  2 bullfrog zombies
  22 orc priests
  5 centaur skeletons
  4 hounds
  3 bullfrog skeletons
  A gnoll shaman (D:7)
  5 iguanas
  33 orc wizards
  8 worker ants
  A hound skeleton (D:11)
  5 gnolls
  8 adders
  5 shadow imps
  An ooze (D:2)
  2 adder zombies
  A worm (D:4)
  4 dart slugs
  5 leopard geckos
  66 orcs
  5 bats
  3 giant cockroaches
  12 hobgoblins
  19 jackals
  4 quokkas
  2 ball pythons
  3 frilled lizards
  9 goblins
  27 kobolds
  A leopard gecko zombie (D:6)
  5 rats
  A withered plant (D:15)
764 creatures vanquished.

Vanquished Creatures (collateral kills)
  Gastronok (D:12)
  2 nagarajas (Snake:3)
  The ghost of Brandom the Basher, a journeyman FoAK of Lugonu (D:11)
  A minotaur (Lab)
  Josephine (Lair:4)
  4 hydras
  Harold (Lair:3)
  5 two-headed ogres
  Erica (Orc:1)
  A centaur warrior (D:13)
  4 death yaks
  2 orc high priests (Orc:2)
  Pikel (D:5)
  An ugly thing (D:11)
  4 cyclopes
  3 elephants
  A naga mage (Snake:1)
  Joseph (D:9)
  A torpor snail (Lair:3)
  3 black mambas
  A spiny frog (Lair:1)
  A rime drake (shapeshifter) (D:14)
  A komodo dragon (Lair:6)
  A kobold demonologist (D:11)
  A tengu conjurer (D:13)
  A polar bear (Lair:5)
  3 trolls
  2 slime creatures (D:12)
  2 blink frogs
  2 hippogriffs
  2 wraiths
  10 yaks
  A basilisk (Lair:3)
  2 hungry ghosts
  3 nagas
  10 orc warriors
  A necrophage (D:8)
  A phantom (D:4)
  6 ogres
  3 wolves
  A crocodile (Lair:5)
  4 bullfrogs
  2 big kobolds
  A wyvern zombie (D:10)
  6 wights
  2 quasits
  A bullfrog zombie (D:11)
  2 jellies
  6 orc priests
  6 orc wizards
  An iguana (D:11)
  3 gnolls (D:7)
  An adder (D:8)
  18 orcs
  3 kobolds (D:12)
  A quokka (D:9)
151 creatures vanquished.

Vanquished Creatures (others)
  An orc priest (Orc:2)
  14 fungi
  2 plants (Lair:6)
17 creatures vanquished.

Grand Total: 932 creatures vanquished

Notes
Turn   | Place    | Note
-------+----------+-------------------------------------------
     0 | D:1      | Haldmier the Merfolk Ice Elementalist began the quest for the Orb.
     0 | D:1      | Reached XP level 1. HP: 13/13 MP: 3/3
   332 | D:1      | Reached XP level 2. HP: 19/19 MP: 0/5
   393 | D:1      | Learned a level 2 spell: Throw Frost
   567 | D:1      | Reached skill level 4 in Ice Magic
  1076 | D:2      | Reached XP level 3. HP: 24/24 MP: 2/6
  1689 | D:2      | Reached skill level 1 in Fighting
  1857 | D:2      | Reached XP level 4. HP: 24/32 MP: 1/7
  1926 | D:2      | Learned a level 3 spell: Ozocubu's Armour
  2004 | D:2      | Reached skill level 1 in Conjurations
  2311 | D:3      | Noticed Sigmund
  2378 | D:3      | Noticed WiZmei's ghost (weakling DsBe)
  2461 | D:3      | Found a radiant altar of Vehumet.
  2473 | D:3      | Became a worshipper of Vehumet
  2687 | D:4      | Noticed an ice beast
  3050 | D:3      | Reached skill level 1 in Polearms
  3055 | D:3      | Reached XP level 5. HP: 21/38 MP: 0/8
  3218 | D:4      | Reached skill level 1 in Charms
  3352 | D:4      | Found a staircase to the Ecumenical Temple.
  3359 | D:4      | Noticed a phantom
  3535 | D:4      | Reached skill level 5 in Ice Magic
  3535 | D:4      | Reached XP level 6. HP: 41/44 MP: 6/10
  3541 | D:4      | Learned a level 4 spell: Summon Ice Beast
  3727 | D:3      | Found an ancient bone altar of Kikubaaqudgha.
  3940 | D:3      | Reached skill level 1 in Summonings
  4140 | D:3      | Reached * piety under Vehumet
  4140 | D:3      | Offered knowledge of Magic Dart by Vehumet.
  4185 | D:3      | Killed WiZmei's ghost
  4367 | D:3      | Killed Sigmund
  4367 | D:3      | Reached XP level 7. HP: 38/51 MP: 7/11
  4586 | D:4      | Found a faded altar of an unknown god.
  4586 | D:4      | Found a blossoming altar of Fedhas.
  4591 | D:4      | Found a basalt altar of Yredelemnul.
  4593 | D:4      | Found a faded altar of an unknown god.
  4595 | D:4      | Found a sacrificial altar of Ru.
  4926 | D:5      | Entered Level 5 of the Dungeon
  5062 | D:5      | Noticed Duvessa
  5062 | D:5      | Noticed Dowan
  5369 | D:4      | Reached skill level 6 in Ice Magic
  5369 | D:4      | Reached XP level 8. HP: 52/57 MP: 6/12
  5611 | D:5      | Found a deep blue altar of Sif Muna.
  5627 | D:5      | Reached skill level 5 in Polearms
  5878 | D:5      | Killed Duvessa
  5882 | D:5      | Killed Dowan
  6261 | D:5      | Reached ** piety under Vehumet
  6261 | D:5      | Reached skill level 5 in Dodging
  6532 | D:5      | Learned a level 4 spell: Throw Icicle
  6541 | D:5      | Offered knowledge of Shock by Vehumet.
  6649 | D:5      | Reached XP level 9. HP: 64/64 MP: 14/14
  6674 | D:6      | Reached skill level 7 in Ice Magic
  7216 | D:6      | Found Fuageuvi's Magic Scroll Shop.
  7391 | D:6      | Noticed Pikel
  7651 | D:5      | Killed Pikel
  8450 | D:7      | Offered knowledge of Static Discharge by Vehumet.
  8994 | D:7      | Reached skill level 5 in Summonings
  9184 | D:7      | Reached *** piety under Vehumet
  9223 | D:7      | Found a sparkling altar of Nemelex Xobeh.
  9257 | D:7      | Reached skill level 8 in Ice Magic
  9509 | D:4      | Reached XP level 10. HP: 69/73 MP: 8/16
  9714 | D:8      | Found a snail-covered altar of Cheibriados.
  9961 | D:8      | Offered knowledge of Mephitic Cloud by Vehumet.
 10265 | D:8      | Found an iron altar of Okawaru.
 10436 | D:8      | Found a bloodstained altar of Trog.
 10911 | D:9      | Found a glowing golden altar of the Shining One.
 11053 | D:9      | Noticed a two-headed ogre
 11068 | D:9      | Killed a two-headed ogre
 11068 | D:9      | Reached skill level 5 in Fighting
 11407 | D:9      | Found a bloodstained altar of Trog.
 11498 | D:9      | Noticed Joseph
 11619 | D:9      | Reached **** piety under Vehumet
 12144 | D:9      | Killed Joseph
 12287 | D:10     | Entered Level 10 of the Dungeon
 12366 | D:10     | Noticed p0werm0de's ghost (novice DDFi)
 12378 | D:10     | Offered knowledge of Fireball by Vehumet.
 12536 | D:10     | Reached skill level 9 in Ice Magic
 12564 | D:10     | Reached skill level 10 in Polearms
 13977 | D:10     | Reached XP level 11. HP: 81/81 MP: 5/17
 14385 | D:11     | Found a staircase to the Lair.
 14491 | D:11     | Noticed Brandom's ghost (journeyman FoAK)
 14548 | D:11     | Killed Brandom's ghost
 14593 | D:11     | Noticed a cyclops
 14670 | D:11     | Killed a cyclops
 14861 | D:11     | Got a translucent mace
 14986 | D:11     | Noticed a six-headed hydra
 14999 | D:11     | Killed a six-headed hydra
 14999 | D:11     | Reached ***** piety under Vehumet
 14999 | D:11     | Reached skill level 10 in Ice Magic
 15051 | D:11     | Found Kicoteci's Armour Boutique.
 15070 | D:11     | Bought a +0 helmet for 58 gold pieces
 15070 | D:11     | Bought a +2 pair of boots for 214 gold pieces
 15070 | D:11     | Bought a +0 buckler of poison resistance for 110 gold pieces
 15161 | D:11     | Offered knowledge of Iskenderun's Battlesphere by Vehumet.
 15387 | D:11     | Reached skill level 1 in Shields
 15687 | D:11     | Killed an unseen horror
 15892 | Lair:1   | Entered Level 1 of the Lair of Beasts
 16433 | Lair:1   | Reached skill level 5 in Conjurations
 17004 | Lair:1   | Learned a level 5 spell: Iskenderun's Battlesphere
 17176 | Lair:2   | Reached XP level 12. HP: 66/91 MP: 14/18
 17257 | Lair:2   | Noticed a five-headed hydra
 17267 | Lair:2   | Killed a five-headed hydra
 17503 | Lair:2   | Noticed a five-headed hydra
 17514 | Lair:2   | Killed a five-headed hydra
 17514 | Lair:2   | Reached skill level 5 in Spellcasting
 17534 | Lair:2   | Got a pair of ichor-stained boots
 17736 | Lair:2   | Identified the +0 pair of boots of Cocytus {Str-5 Int+5 Dex+3} (You found it on level 2 of the Lair of Beasts)
 17770 | Lair:2   | Found a staircase to the Shoals.
 18228 | Lair:3   | Reached skill level 10 in Dodging
 18378 | Lair:3   | Offered knowledge of Spellforged Servitor by Vehumet.
 19055 | D:6      | Bought a scroll of amnesia for 38 gold pieces
 19064 | D:6      | Learned a level 7 spell: Spellforged Servitor
 19064 | D:6      | Bought a scroll of brand weapon for 220 gold pieces
 19305 | Lair:3   | Noticed Harold
 19495 | Lair:3   | Found a staircase to the Snake Pit.
 20544 | Lair:4   | Noticed Josephine
 20679 | Lair:4   | Noticed Snorg
 20736 | Lair:4   | Killed Snorg
 20864 | Lair:4   | Killed Josephine
 20981 | Lair:3   | Reached XP level 13. HP: 77/100 MP: 11/22
 22004 | Lair:4   | Reached skill level 11 in Ice Magic
 22283 | Lair:3   | Killed Harold
 23290 | Lair:6   | Entered Level 6 of the Lair of Beasts
 23334 | Lair:6   | Found a staircase to the Slime Pits.
 23361 | Lair:6   | Found a labyrinth entrance.
 23392 | Lab      | Entered a labyrinth
 23730 | Lab      | Noticed a minotaur
 23742 | Lab      | Killed a minotaur
 23744 | Lab      | Identified Enkevvi's Papyrus of Noxious Lightness
 23749 | Lab      | Got a twisted flail
 24616 | Lair:6   | Offered knowledge of Iron Shot by Vehumet.
 24845 | Lair:6   | Reached skill level 10 in Fighting
 25318 | Lair:6   | Reached XP level 14. HP: 110/110 MP: 25/25
 26081 | Lair:6   | Learned a level 6 spell: Iron Shot
 26441 | Lair:6   | Got an ebony halberd
 26447 | Lair:6   | Identified the +4 halberd "Death Rattle" {freeze, Dex+4} (You found it on level 6 of the Lair of Beasts)
 27076 | D:12     | Reached skill level 12 in Ice Magic
 27124 | D:12     | Noticed Erolcha
 27167 | D:12     | Killed Erolcha
 27417 | D:12     | Reached skill level 1 in Earth Magic
 27521 | D:12     | Found a staircase to the Orcish Mines.
 27592 | D:12     | Noticed Gastronok
 27629 | D:12     | Killed Gastronok
 28540 | Orc:1    | Entered Level 1 of the Orcish Mines
 28546 | Orc:1    | Noticed Urug
 28801 | Orc:1    | Killed Urug
 29000 | Orc:1    | Noticed Maurice
 29015 | Orc:1    | Noticed Erica
 29032 | Orc:1    | Offered knowledge of Poison Arrow by Vehumet.
 29047 | Orc:1    | Killed Erica
 29058 | Orc:1    | Killed Maurice
 29080 | Orc:1    | Found a bloodstained altar of Trog.
 29391 | Orc:2    | Entered Level 2 of the Orcish Mines
 29690 | Orc:2    | Found Jut Doy's Magic Scroll Boutique.
 29699 | Orc:2    | Found a staircase to the Elven Halls.
 29706 | Orc:2    | Paralysed by an orc sorcerer for 6 turns
 29921 | Orc:2    | Paralysed by an orc sorcerer for 6 turns
 30780 | Orc:2    | Reached XP level 15. HP: 91/117 MP: 20/28
 30994 | Orc:2    | Offered knowledge of Bolt of Fire by Vehumet.
 31013 | Orc:2    | Found Siashe's Armour Emporium.
 31013 | Orc:2    | Found Solotuemn's Armour Emporium.
 31013 | Orc:2    | Found Keosing's Distillery.
 31016 | Orc:2    | Found Ripsiore's Antique Armour Shoppe.
 31222 | Orc:2    | Paralysed by an orc sorcerer for 6 turns
 31330 | Orc:2    | Bought a potion of degeneration for 15 gold pieces
 31335 | Orc:2    | Bought a +1 pair of gloves of dexterity for 280 gold pieces
 31506 | Orc:2    | Reached skill level 10 in Spellcasting
 31828 | Lair:1   | Learned a level 6 spell: Freezing Cloud
 32616 | D:13     | Reached skill level 1 in Air Magic
 33284 | D:14     | Found a runed door.
 33358 | D:14     | Reached skill level 13 in Ice Magic
 33831 | D:14     | Got a brightly glowing lead ring
 33959 | D:14     | Identified the ring of Teagalur {Fire Str-5 Int+6} (You found it on level 14 of the Dungeon)
 34396 | D:14     | Reached ****** piety under Vehumet
 34450 | D:14     | Found a gate to the Vaults.
 34772 | D:15     | Entered Level 15 of the Dungeon
 34985 | D:15     | Offered knowledge of Orb of Destruction by Vehumet.
 35036 | D:15     | Reached skill level 5 in Earth Magic
 35378 | D:15     | Found a staircase to the Depths.
 35765 | D:15     | Reached XP level 16. HP: 123/123 MP: 18/30
 35865 | D:15     | Noticed Roxanne
 36145 | Lair:1   | Reached skill level 10 in Conjurations
 36145 | Lair:1   | Reached skill level 14 in Ice Magic
 36145 | Lair:1   | Reached XP level 17. HP: 129/129 MP: 31/31
 36194 | Shoals:1 | Entered Level 1 of the Shoals
 36242 | Shoals:1 | Noticed Aizul
 36287 | Snake:1  | Entered Level 1 of the Snake Pit
 36451 | Snake:1  | Found Qenkut's Assorted Antiques.
 37166 | Snake:1  | Found Qayta's Food Shop.
 37277 | Snake:1  | Reached skill level 5 in Air Magic
 37730 | Snake:1  | Reached skill level 15 in Ice Magic
 37983 | Snake:1  | Found Celecrut's Food Shop.
 40705 | Snake:3  | Offered knowledge of Conjure Ball Lightning by Vehumet.
 40897 | Snake:4  | Entered Level 4 of the Snake Pit
 41088 | Snake:4  | Found Nolyv's Distillery.
 41091 | Snake:4  | Found Weti's General Store.
 41091 | Snake:4  | Found Coamaup's Magic Scroll Shoppe.
 41135 | Snake:4  | Found Heopra's General Store.
 41424 | Snake:4  | Reached XP level 18. HP: 136/136 MP: 28/32
 42105 | Snake:4  | Reached skill level 16 in Ice Magic
 42265 | Snake:3  | HP: 3/136 [nagaraja/orb of energy (6)]
 42578 | Snake:4  | Killed from afar by a shock serpent

Skill      XL: |  1  2  3  4  5  6  7  8  9 10 11 12 13 14 15 16 17 18 |
---------------+-------------------------------------------------------+-----
Dodging        | 3 4 5 6 7 9 11 12 | 12.5
Ice Magic      | 4 5 6 8 9 10 11 12 13 14 15 16 | 16.1
Fighting       | 1 2 3 4 6 7 8 10 | 10.5
Conjurations   | 1 2 3 4 5 6 7 8 9 10 11 12 | 12.1
Polearms       | 1 3 4 6 7 10 12 13 14 | 14.0
Charms         | 1 2 3 4 |  4.0
Summonings     | 1 2 3 5 6 7 |  7.7
Spellcasting   | 3 4 6 7 9 10 11 | 11.0
Shields        | 4 |  4.0
Earth Magic    | 2 5 |  5.0
Air Magic      | 4 5 |  5.0
Stealth        | |  2.1

Action                   |  1- 3 |  4- 6 |  7- 9 | 10-12 | 13-15 | 16-18 || total
-------------------------+-------+-------+-------+-------+-------+-------++-------
Melee: Short sword       |     9 |     2 |       |       |       |       ||    11
       Spear             |       |    76 |   399 |  1134 |  1691 |       ||  3300
       Tailslap          |       |       |       |     4 |       |       ||     4
       Trident           |       |       |       |   139 |   679 |   641 ||  1459
       Bardiche          |       |       |       |       |    13 |       ||    13
       Staff             |       |       |       |       |     8 |     3 ||    11
Throw: Stone             |     1 |       |       |       |       |       ||     1
       Javelin           |     1 |     7 |     8 |     7 |       |       ||    23
 Cast: Freeze            |    59 |    37 |    42 |    72 |   150 |    34 ||   394
       Ozocubu's Armour  |       |     4 |    13 |    27 |    52 |    21 ||   117
       Summon Ice Beast  |       |       |    14 |    99 |   180 |    25 ||   318
       Throw Frost       |       |       |     1 |     8 |       |       ||     9
       Throw Icicle      |       |       |       |     1 |    12 |   134 ||   147
       Freezing Cloud    |       |       |       |       |    26 |    70 ||    96
       Iron Shot         |       |       |       |       |    16 |     5 ||    21
Evoke: Wand              |       |       |     2 |     6 |     1 |       ||     9
  Use: Scroll            |       |     9 |     3 |    11 |     9 |     6 ||    38
       Potion            |       |       |       |       |       |     3 ||     3
 Stab: Sleeping          |     2 |     2 |     2 |     8 |     8 |     2 ||    24
       Distracted        |       |       |     1 |     6 |    22 |     1 ||    30
  Eat: Chunk             |     4 |     9 |    16 |    39 |    59 |     8 ||   135
       Bread ration      |       |       |     1 |     3 |     1 |     4 ||     9
       Royal jelly       |       |       |     1 |     2 |     2 |     1 ||     6
       Fruit             |       |       |       |     3 |    12 |     4 ||    19
Armor: Robe              |     4 |    21 |       |       |       |       ||    25
       Leather armour    |       |       |    48 |    44 |       |       ||    92
       Troll leather arm |       |       |       |    89 |   353 |   158 ||   600
Dodge: Dodged            |    31 |    56 |   271 |   506 |  1009 |   388 ||  2261
Block: Buckler           |       |       |       |    81 |   290 |   127 ||   498
